AoeStats
← kV0t3

Arabia

507647541Analyzed
1v1 RM · 13d ago on Sep 19, 2026· 37m 26s· 2 players
Game mode
Random Map
Map size
Tiny (2 player)
Population
200
Speed
Normal
Resources
Standard
Victory
Conquest
Starting age
Dark Age
Ending age
Imperial Age
RankedLock teamsTeams togetherTeam positionsShared explorationLock speedFull tech treeHidden civsTurbo modeCheats
Victory
Defeat
🇲🇽 Franks · Mexico
1231
+16
🇦🇷 Maya · Argentina
1230
-16
kV0t3
0:25 Loom
9:06 Feudal Age
13:40 Double-Bit Axe
20:52 Fletching
23:41 Castle Age
23:19 Town Watch
23:26 Horse Collar
23:37 Stone Mining
23:38 Gold Mining
26:41 Bodkin Arrow
28:19 Bow Saw
28:30 Guard Tower
32:29 Wheelbarrow
37:26 Imperial Age
36:36 Scale Mail Armor
36:47 Forging
35:58 Pikeman
angelusgarcia
5:53 Loom
10:04 Feudal Age
12:38 Double-Bit Axe
15:26 Fletching
21:58 Castle Age
20:23 Gold Mining
21:25 Forging
22:40 Scale Barding Armor
22:05 Light Cavalry
23:42 Husbandry
26:27 Wheelbarrow
26:57 Iron Casting
28:54 Hand Cart
29:41 Chain Barding Armor
31:07 Gold Shaft Mining
31:53 Stone Mining
37:18 Imperial Age
Connection lost

Rejoining the realm…

Still unreachable

The connection could not be restored.

Session expired

The server has moved on; the page needs a fresh start.